AoeStats
← ZEKTARSTEK

Golden Pit

508590230Analyzed
1v1 RM · 9d ago on Sep 23, 2026· 38m 39s· 2 players
Game mode
Random Map
Map size
Tiny (2 player)
Population
200
Speed
Normal
Resources
Standard
Victory
Conquest
Starting age
Dark Age
Ending age
Imperial Age
RankedLock teamsTeams togetherTeam positionsShared explorationLock speedFull tech treeHidden civsTurbo modeCheats
Victory
Defeat
🇲🇽 Japanese · Mexico
780
+16
🇺🇸 Bohemians · United States
778
-16
martinjon88
11:17 Feudal Age
9:33 Loom
16:01 Castle Age
14:30 Double-Bit Axe
14:28 Horse Collar
17:01 Bow Saw
31:15 Town Watch
32:10 Wheelbarrow
ZEKTARSTEK
0:28 Loom
10:54 Feudal Age
20:51 Castle Age
21:36 Double-Bit Axe
Connection lost

Rejoining the realm…

Still unreachable

The connection could not be restored.

Session expired

The server has moved on; the page needs a fresh start.